 Dungeon Crawl Stone Soup version 0.29-a0-364-g921d912d32 (webtiles) character file.

Game seed: 9674723080119688694

66 bande the Covered (level 4, 0/29 HPs)
             Began as a Gargoyle Fighter on May 1, 2022.
             Slain by a frilled lizard (1 damage)
             ... on level 2 of the Dungeon.
             The game lasted 00:01:23 (1678 turns).

bande the Covered (Gargoyle Fighter)                Turns: 1678, Time: 00:01:24

Health: 0/29       AC: 10    Str: 20    XL:     4   Next: 15%
Magic:  4/4        EV:  9    Int:  8    God:
Gold:   67         SH:  4    Dex: 11    Spells: 3/3 levels left

rFire   . . .      SeeInvis .   a - +0 war axe
rCold   . . .      Faith    +   c - +0 buckler
rNeg    + . .      Spirit   .   b - +0 scale mail
rPois   ∞          Reflect  .   (no helmet)
rElec   +          Harm     .   (no cloak)
rCorr   .          Rampage  .   (no gloves)
Will    .....                   (no boots)
Stlth   ..........              e - amulet of faith
HPRegen 0.09/turn               (no ring)
MPRegen 0.09/turn               (no ring)

@: no status effects
A: sickness immunity, AC +3, negative energy resistance 1, electricity
resistance, torment resistance 1, petrification resistance
a: no special abilities


You were on level 2 of the Dungeon.
You visited 1 branch of the dungeon, and saw 2 of its levels.

You collected 67 gold pieces.

Inventory:

Hand Weapons
 a - a +0 war axe (weapon)
Armour
 b - a +0 scale mail (worn)
 c - a +0 buckler (worn)
Jewellery
 e - an amulet of faith (around neck)
Potions
 d - a potion of might
 f - a potion of curing {unknown}


   Skills:
 + Level 3.6 Fighting
 + Level 2.7 Axes
 + Level 4.1 Armour
 + Level 3.6 Shields


You had 3 spell levels left.
You didn't know any spells.
Your spell library was empty.

Dungeon Overview and Level Annotations

Branches:
Dungeon (2/15)

Altars:


Innate Abilities, Weirdness & Mutations

You are immune to sickness and miasma.
Your stone body is resilient. (AC +3)
You are immune to poison.
You resist negative energy. (rN+)
You are resistant to electric shocks. (rElec)
You are resistant to unholy torment.
You are immune to petrification.


Message History

The frilled lizard hisses angrily.
The gnoll shouts!
The goblin hits you but does no damage.
You blink.
You miss the frilled lizard. The frilled lizard closely misses you.
You closely miss the frilled lizard. You miss the frilled lizard.
You closely miss the goblin.
The goblin hits you with a +4 dagger of distortion.
The frilled lizard closely misses you.
The frilled lizard bites you but does no damage.
You closely miss the frilled lizard. x2; You hit the goblin.
The goblin drinks a potion.
The goblin is healed!
The frilled lizard barely misses you.
The frilled lizard bites you but does no damage.
The frilled lizard misses you. The gnoll hits you with a +0 flail.
The frilled lizard barely misses you.
The goblin hits you with a +4 dagger of distortion.
Space warps around you!
You closely miss the frilled lizard. You miss the frilled lizard.
You closely miss the goblin. You completely miss the gnoll.
The goblin hits you but does no damage.
You blink.
Unknown command.
You slash the gnoll!
The gnoll is severely wounded.
The gnoll hits you with a +0 flail.
* * * LOW HITPOINT WARNING * * *
You block the frilled lizard's attack. The gnoll hits you with a +0 flail.
* * * LOW HITPOINT WARNING * * *
You slash the gnoll!
You kill the gnoll!
You hit the goblin.
You kill the goblin!
You closely miss the frilled lizard. You block the frilled lizard's attack.
You have reached level 4!
You feel stronger.
You miss the frilled lizard. x2
The frilled lizard bites you but does no damage.
You block the frilled lizard's attack.
Unknown command.
You closely miss the frilled lizard. You miss the frilled lizard.
The frilled lizard bites you.
You die...

#.### #...######## ##
###.#.##...... #.
..#.#.##.#####
#.########.#.#.##.#...
#....l@..#.#.#..#.#.###
#....)l).#.#.#.........
#..........†....#.#.###
#........./#....#.#<..#
#..........######.#.#)#
.................. ..#.#.#
......######.#########.#.#
....>. ... ......... .....
#.... .####.#.#


You could see 2 frilled lizards.

Vanquished Creatures
  3 gnolls
  2 worms (D:2)
  A dart slug (D:2)
  An orc (D:2)
  3 bats
  2 endoplasms
  2 giant cockroaches (D:1)
  6 goblins
  2 hobgoblins (D:1)
  2 jackals (D:1)
  A frilled lizard (D:1)
  2 rats (D:1)
27 creatures vanquished.

Notes
Turn   | Place    | Note
-------+----------+-------------------------------------------
     0 | D:1      | bande the Gargoyle Fighter began the quest for the Orb.
     0 | D:1      | Reached XP level 1. HP: 14/14 MP: 1/1
   331 | D:1      | Reached XP level 2. HP: 19/19 MP: 2/2
   691 | D:1      | Found a faded altar of an unknown god.
  1192 | D:2      | Reached XP level 3. HP: 19/23 MP: 3/3
  1291 | D:2      | Reached skill level 4 in Armour
  1675 | D:2      | HP: 1/23 [gnoll/+0 flail (5)]
  1677 | D:2      | Reached XP level 4. HP: 1/29 MP: 4/4
  1678 | D:2      | Slain by a frilled lizard

Illustrated notes

Levels and vault maps discovered:
D:1:      nicolae_arrival_somewhat_less_tricky_arrival, layout_loops_corners,
          shapermc_ecumenical_altar_mp_ritualfount, minivault_25,
          minmay_close_crescents
D:2:      layout_basic

Skill      XL: |  1  2  3 |
---------------+----------+-----
Axes           | 2 |  2.7
Armour         | 4 |  4.1
Fighting       | |  3.6
Shields        | |  3.6

Action                   |  1- 3 |  4- 6 || total
-------------------------+-------+-------++-------
Melee: War axe           |    64 |     2 ||    66
Armor: Scale mail        |    26 |     1 ||    27
Dodge: Dodged            |    22 |       ||    22
Block: Buckler           |    11 |     1 ||    12

Table legend: (Time is in decaauts)
 A = Elapsed time spent in this place.
 B = Non-inter-level travel time spent in this place.
 C = Inter-level travel time spent in this place.
 D = Time resting spent in this place.
 E = Time spent auto-exploring this place.
 F = Levels seen in this place.
 G = Mean time per level.
                   A        B        C        D        E       F      G
               +--------+--------+--------+--------+--------+-----+--------+
         Total |   1707 |   1707 |      0 |     27 |   1475 |   2 |  853.5 |
       Dungeon |   1707 |   1707 |      0 |     27 |   1475 |   2 |  853.5 |
               +--------+--------+--------+--------+--------+-----+--------+

Top non-repeatable levels by time:
     D:1: 1225 daAuts
     D:2: 481 daAuts
